 Dungeon Crawl Stone Soup version 0.31-a0-210-gccc998df9b (webtiles) character file.

Game seed: 15303412623387153824

1071 qw the Skirmisher (level 8, -5/49 HPs)
             Began as a Gargoyle Hexslinger on June 29, 2023.
             Slain by an orc warrior
             ... wielding a +0 dire flail
              (8 damage)
             ... on level 5 of the Dungeon.
             The game lasted 00:01:42 (3680 turns).

qw the Skirmisher (Gargoyle Hexslinger)             Turns: 3680, Time: 00:01:42

Health: -5/49      AC: 12    Str: 12    XL:     8   Next: 28%
Magic:  9/9        EV: 22    Int: 14    God:
Gold:   270        SH:  5    Dex: 14    Spells: 8/9 levels left

rFire   + . .        l - +1 sling (flame)
rCold   . . .        (no shield)
rNeg    + + .        a - +1 robe {rF+}
rPois   inf          m - +0 helmet
rElec   +            (no cloak)
rCorr   .            d - +1 pair of gloves
SInv    .            k - +0 pair of boots
Will    .....        s - amulet of reflection
Stlth   +            c - +5 ring of evasion
HPRegen 0.28/turn    o - ring "Hurghew" {rN+ EV+5}
MPRegen 0.11/turn

%: reflection
@: no status effects
A: sickness immunity, AC +5, negative energy resistance 1, electricity
resistance, torment resistance 1, petrification resistance
a: no special abilities


You were on level 5 of the Dungeon.
You visited 1 branch of the dungeon, and saw 5 of its levels.

You collected 270 gold pieces.


Innate Abilities, Weirdness & Mutations

You are immune to sickness and miasma.
Your stone body is resilient. (AC +5)
You are immune to poison.
You resist negative energy. (rN+)
You are resistant to electric shocks. (rElec)
You are resistant to unholy torment.
You are immune to petrification.


   Skills:
 - Level 5.2 Fighting
 + Level 8.0 Ranged Weapons
 - Level 1.4 Armour
 - Level 2.2 Dodging
 - Level 1.0 Spellcasting
 - Level 2.6 Hexes


You had 8 spell levels left.
You knew the following spells:

 Your Spells              Type           Power      Damage    Failure   Level
a - Slow                  Hex            32%        N/A       9%          1

Your spell library contained the following spells:

 Spells                   Type           Power      Damage    Failure   Level
 Inner Flame              Hex/Fire       4%         N/A       41%         3
 Portal Projectile        Hex/Tloc       8%         N/A       41%         3
 Cause Fear               Hex            4%         N/A       65%         4

Inventory:

Hand Weapons
 l - a +1 sling of flaming (weapon)
Armour
 a - a +1 robe of fire resistance (worn)
 d - a +1 pair of gloves (worn)
 k - a +0 pair of boots (worn)
 m - a +0 helmet (worn)
 t - a +0 ring mail of positive energy
Jewellery
 c - a +5 ring of evasion (left hand)
 o - the ring "Hurghew" (right hand) {rN+ EV+5}
   (You found it on level 2 of the Dungeon)

   [ring of evasion]

   EV:        It affects your evasion (+5).
   rN:        It protects you from negative energy.
 s - an amulet of reflection (around neck)
Scrolls
 e - a scroll of amnesia {unknown}
 h - a scroll of identify
Potions
 b - a potion of cancellation
 j - a potion of lignification {unknown}
 n - a potion of enlightenment {unknown}
 p - a potion of invisibility {unknown}
 u - a potion of curing

Dungeon Overview and Level Annotations

Branches:
Dungeon (5/15)
 Temple: D:4-7

Altars:
Okawaru

Shops:
D:4 (

Annotations:
D:4 1 transporter, qw's ghost, amateur DEHu


Message History

The sling bullet hits the orc warrior but does no damage.
The orc warrior hits you with a +0 dire flail!
You shoot a sling bullet.
The sling bullet closely misses the orc warrior.
The sling bullet hits the ogre.
The sling bullet burns the ogre.
The ogre is almost dead.
The orc warrior hits you with a +0 dire flail.
You shoot a sling bullet. The sling bullet hits the orc warrior.
The sling bullet burns the orc warrior.
The orc warrior is lightly wounded.
The orc warrior barely misses you.
You shoot a sling bullet.
The sling bullet hits the orc warrior but does no damage.
The orc warrior is lightly wounded.
The orc warrior hits you with a +0 dire flail.
You shoot a sling bullet.
The sling bullet barely misses the orc warrior.
The sling bullet hits the ogre.
The sling bullet burns the ogre.
You kill the ogre!
The orc warrior hits you with a +0 dire flail!
Your Fighting skill increases to level 5!
You shoot a sling bullet. The sling bullet hits the orc warrior.
The sling bullet burns the orc warrior.
The orc warrior is moderately wounded.
The orc warrior misses you.
You shoot a sling bullet. The sling bullet hits the orc warrior.
The sling bullet burns the orc warrior.
The orc warrior is heavily wounded.
You block the orc warrior's attack.
You shoot a sling bullet.
The sling bullet closely misses the orc warrior.
The sling bullet hits the orc priest.
The sling bullet burns the orc priest.
The orc priest is heavily wounded.
The orc warrior hits you with a +0 dire flail!
You shoot a sling bullet.
The sling bullet closely misses the orc warrior.
The sling bullet hits the orc priest!
The sling bullet burns the orc priest.
You kill the orc priest!
The orc warrior hits you with a +0 dire flail!
You die...

#..# ########.#
#..####.........
#.....)........#
##.####..######
#.# ##># #.# #.#
#.# #.# #.# #.#
#.# #@# ... #o#
.). ..### ...
.... ).#..
_..##.


You could see an orc warrior.

Vanquished Creatures
  Sigmund (D:4)
  A sky beast (D:4)
  3 ogres (D:5)
  Blork the orc (D:5)
  A scorpion (D:5)
  2 hounds
  4 orc priests (D:5)
  2 gnoll boudas
  An iguana (D:4)
  9 gnolls
  3 adders
  A shadow imp (D:5)
  5 worms
  2 dart slugs
  10 orcs
  7 ball pythons
  8 endoplasms
  4 giant cockroaches
  9 goblins
  9 hobgoblins
  2 kobolds
  3 quokkas
  5 bats
  2 frilled lizards
  3 rats
98 creatures vanquished.

Notes
Turn   | Place    | Note
-------+----------+-------------------------------------------
     0 | D:1      | qw the Gargoyle Hexslinger began the quest for the Orb.
     0 | D:1      | Reached XP level 1. HP: 12/12 MP: 2/2
     0 | D:1      | 0 ||| qw: Version: 0.3-a-24-ga2abf7b
     0 | D:1      | 0 ||| qw: Game counter: 6771
     0 | D:1      | 0 ||| qw: Melee chars always use a shield: true
     0 | D:1      | 0 ||| qw: God list: Okawaru
     0 | D:1      | 0 ||| qw: Allow faded altars: false
     0 | D:1      | 0 ||| qw: Do Orc after clearing Dungeon:15 true
     0 | D:1      | 0 ||| qw: Do second Lair branch before Depths: true
     0 | D:1      | 0 ||| qw: Lair rune preference: random
     0 | D:1      | 0 ||| qw: Goals: Normal
     0 | D:1      | 0 ||| PLANNING D:1-11
   243 | D:1      | Reached XP level 2. HP: 12/16 MP: 3/3
   471 | D:1      | Reached skill level 3 in Ranged Weapons
   733 | D:1      | 733 ||| UPGRADING to +0 pair of gloves.
   738 | D:1      | 738 ||| UPGRADING to +0 pair of boots.
   743 | D:1      | 743 ||| UPGRADING to +0 helmet.
   748 | D:1      | 748 ||| DROPPING ring of magical power.
   749 | D:1      | 749 ||| READING scroll labelled HIELUKKYLADDI.
   750 | D:1      | 750 ||| READING 2 scrolls labelled GAKOAXK RIECO.
   751 | D:1      | 751 ||| READING scroll labelled ADEACI ODAHEPN.
   752 | D:1      | 752 ||| READING scroll labelled YHULEOKUSO.
   753 | D:1      | 753 ||| DROPPING scroll of poison.
   898 | D:2      | 898 ||| SWAPPING to +1 sling of flaming.
   899 | D:2      | 899 ||| DROPPING +1 sling.
   957 | D:2      | Found a faded altar of an unknown god.
   986 | D:2      | Reached XP level 3. HP: 21/21 MP: 4/4
  1207 | D:2      | Identified the ring "Hurghew" {rN+ EV+5}
  1337 | D:2      | 1337 ||| UPGRADING to +1 robe of fire resistance.
  1347 | D:2      | 1347 ||| DROPPING +0 robe.
  1348 | D:2      | 1348 ||| UPGRADING to ring of see invisible.
  1349 | D:2      | 1349 ||| UPGRADING to ring "Hurghew" {rN+ EV+5}.
  1350 | D:2      | 1350 ||| READING 2 scrolls of identify.
  1350 | D:2      | 1350 ||| IDENTIFYING glowing red potion
  1421 | D:3      | 1421 ||| READING scroll of enchant armour.
  1421 | D:3      | 1421 ||| ENCHANTING +0 pair of gloves.
  1597 | D:3      | Reached XP level 4. HP: 26/26 MP: 5/5
  1661 | D:3      | Found Qiek's Magic Scroll Shoppe.
  2082 | D:3      | 2082 ||| DROPPING +0 ring mail.
  2083 | D:3      | 2083 ||| UPGRADING to amulet of the acrobat.
  2088 | D:3      | 2088 ||| UPGRADING to amulet of reflection.
  2098 | D:3      | 2098 ||| DROPPING amulet of the acrobat.
  2099 | D:3      | 2099 ||| READING scroll labelled ZASUNAHESY.
  2100 | D:3      | 2100 ||| READING scroll labelled DUMEZYI GERPHAO.
  2101 | D:3      | 2101 ||| DRINKING 2 golden potions.
  2102 | D:3      | 2102 ||| DROPPING potion of attraction.
  2146 | D:4      | Reached skill level 4 in Ranged Weapons
  2217 | D:4      | Noticed Sigmund
  2231 | D:4      | Killed Sigmund
  2232 | D:4      | Reached skill level 5 in Ranged Weapons
  2232 | D:4      | Reached XP level 5. HP: 30/30 MP: 6/6
  2232 | D:4      | Reached XP level 6. HP: 35/35 MP: 7/7
  2536 | D:4      | Reached skill level 3 in Fighting
  2664 | D:4      | 2664 ||| READING scroll labelled JAROBL KIONNI.
  2665 | D:4      | 2665 ||| READING scroll labelled GUAZOH RAYPA.
  2690 | D:4      | Found Lauvvoel's Antique Weapon Shoppe.
  2709 | D:4      | Reached skill level 1 in Armour
  2722 | D:4      | Reached skill level 6 in Ranged Weapons
  2808 | D:4      | Noticed a sky beast
  2826 | D:4      | Killed a sky beast
  2827 | D:4      | Reached XP level 7. HP: 37/44 MP: 8/8
  2915 | D:4      | Identified the +2 dire flail "Jaumup" {flame, +Blink rC-
                  | Dex+3}
  2947 | D:4      | Found a transporter.
  2950 | D:4      | Noticed qw's ghost (amateur DEHu)
  3079 | D:4      | 3079 ||| READING scroll labelled TAXUOL WUFEDAMM.
  3080 | D:4      | 3080 ||| DRINKING 2 clear potions.
  3081 | D:4      | 3081 ||| READING 2 scrolls of identify.
  3081 | D:4      | 3081 ||| IDENTIFYING yellow potion
  3082 | D:4      | 3082 ||| DROPPING potion of brilliance.
  3133 | D:5      | Entered Level 5 of the Dungeon
  3154 | D:5      | 3154 ||| Stepping ~*~*~tactically~*~*~ (outnumbered).
  3180 | D:5      | HP: 6/44 [ogre/+0 giant spiked club (8)]
  3192 | D:5      | 3192 ||| FLEEEEING.
  3193 | D:5      | 3193 ||| FLEEEEING.
  3198 | D:5      | HP: 6/44 [orc/+0 club (1)]
  3205 | D:5      | 3205 ||| FLEEEEING.
  3208 | D:5      | HP: 2/44 [orc priest/+0 dagger (2)]
  3215 | D:5      | Reached skill level 7 in Ranged Weapons
  3215 | D:5      | 3215 ||| FLEEEEING.
  3216 | D:5      | 3216 ||| FLEEEEING.
  3217 | D:5      | 3217 ||| FLEEEEING.
  3226 | D:5      | 3226 ||| STAIRDANCE
  3361 | D:4      | 3361 ||| UPGRADING to +5 ring of evasion.
  3363 | D:4      | 3363 ||| DROPPING ring of see invisible.
  3585 | D:5      | Reached XP level 8. HP: 42/48 MP: 9/9
  3624 | D:5      | Noticed Blork the orc
  3633 | D:5      | Reached skill level 8 in Ranged Weapons
  3641 | D:5      | Killed Blork the orc
  3664 | D:5      | Found an iron altar of Okawaru.
  3665 | D:5      | 3665 ||| PLANNING OKAWARU WORSHIP
  3679 | D:5      | HP: 3/49 [orc warrior/+0 dire flail (11)]
  3680 | D:5      | Slain by an orc warrior

Levels and vault maps discovered:
D:1:      spicycebolla_arrival_clurvy, layout_loops_ring,
          ebering_dispersal_statue_hall, chequers_arboretum
D:2:      layout_loops_ring, dreamdust_ecumenical_altar_angels_and_demons,
          st_stairs_4
D:3:      layout_basic, serial_shops, nicolae_shop_tiny_waterfront
D:4:      layout_loops_corners, gammafunk_ghost_smash, serial_shops, shop,
          uniq_sigmund
D:5:      layout_loops_ring, okawaru_ov_weapons_minmay, uniq_blork_the_orc

Skill      XL: |  1  2  3  4  5  6  7  8 |
---------------+-------------------------+-----
Ranged Weapons | 3 5 6 7 8 |  8.0
Fighting       | 2 4 5 |  5.2
Armour         | 1 |  1.4
Dodging        | 2 |  2.2
Spellcasting   | |  1.0
Hexes          | |  2.6

Action                     |  1- 3 |  4- 6 |  7- 9 || total
---------------------------+-------+-------+-------++-------
   Fire: Sling             |   118 |   137 |   139 ||   394
    Use: Scroll            |     6 |     4 |     2 ||    12
         Potion            |       |     1 |     1 ||     2
 Armour: Robe              |    11 |    16 |    17 ||    44
  Dodge: Dodged            |    33 |    66 |    62 ||   161
  Block: Other             |       |    13 |    26 ||    39
         Reflection        |       |       |     1 ||     1

Table legend:
 A = Non-vault XP
 B = Vault XP
 C = Vault XP percentage of total XP
 D = Non-vault monster count
 E = Vault monster count
 F = Vault count percentage of total count
                 A         B        C        D         E       F
            +---------+---------+-------+---------+---------+-------
      Total |    1261 |     311 |  19.8 |      94 |       4 |   4.1
            +---------+---------+-------+---------+---------+-------
        D:1 |      24 |       0 |   0.0 |      14 |       0 |   0.0
        D:2 |      29 |       3 |   9.4 |      15 |       2 |  11.8
        D:3 |      34 |       0 |   0.0 |      15 |       0 |   0.0
        D:4 |     378 |     214 |  36.1 |      26 |       1 |   3.7
        D:5 |     796 |      94 |  10.6 |      24 |       1 |   4.0
            +---------+---------+-------+---------+---------+-------
